 Dungeon Crawl Stone Soup version 0.27-a0-1456-gf5a116941d (webtiles) character file.

Game seed: 5044274963351943544

5073 Kinoniko the Basher (level 10, 0/72 (74) HPs)
             Began as a Demonspawn Berserker on July 6, 2021.
             Was an Elder of Trog.
             Slain by a wight (9 damage)
             ... on level 8 of the Dungeon.
             The game lasted 00:10:34 (8506 turns).

Kinoniko the Basher (Demonspawn Berserker)          Turns: 8506, Time: 00:10:34

HP:   0/72 (74)     AC: 14    Str: 23    XL:     10   Next: 31%
MP:   10/10         EV: 10    Int: 12    God:    Trog [****..]
Gold: 131           SH:  0    Dex: 14    Spells: 9/9 levels left

rFire    . . .     SeeInvis .   t - +3 flail of the Scorching Blowfly {venom, Str+5}
rCold    + . .     Faith    .   (no shield)
rNeg     . . .     Spirit   .   s - +4 scale mail {rC+}
rPois    .         Reflect  .   (helmet restricted)
rElec    .         Harm     .   (no cloak)
rCorr    .         Rampage  .   (no gloves)
Will     .....                  (no boots)
Stlth    ..........             (no amulet)
HPRegen  0.22/turn              d - +4 ring of protection
MPRegen  0.12/turn              (no ring)

@: on berserk cooldown, slowed, studying Maces & Flails, lightly drained, very
slow
A: horns 2, spiny 1, big brain 1
a: Renounce Religion, Berserk, Trog's Hand, Brothers in Arms


You were on level 8 of the Dungeon.
You worshipped Trog.
Trog was greatly pleased with you.
You visited 1 branch of the dungeon, and saw 8 of its levels.
You also visited: Ossuary.

You collected 586 gold pieces.
You spent 455 gold pieces at shops.

Inventory:

Hand Weapons
 a - a +0 hand axe
 f - a +2 vampiric short sword
 m - a +0 war axe
 t - the +3 flail of the Scorching Blowfly (weapon) {venom, Str+5}
   (You found it on level 6 of the Dungeon)

   It poisons the flesh of those it strikes.
   Str:       It affects your strength (+5).
 G - a +3 battleaxe
Missiles
 C - 3 throwing nets (quivered)
 E - 4 curare-tipped darts
Armour
 p - a +0 kite shield
 s - a +4 scale mail of cold resistance (worn)
 z - the +1 leather armour of Contentment {rElec rPois Int+3}
   (You found it on level 5 of the Dungeon)

   Int:       It affects your intelligence (+3).
   rElec:     It insulates you from electricity.
   rPois:     It protects you from poison.
Jewellery
 d - a +4 ring of protection (left hand)
Wands
 A - a wand of paralysis (5)
Scrolls
 h - a scroll of enchant weapon
 i - a scroll of silence
 j - 3 scrolls of fog
 k - a scroll of holy word
 l - a scroll of fear
 o - 4 scrolls of teleportation
 u - 3 scrolls of summoning
 x - 3 scrolls of noise
 y - a scroll of enchant armour
 D - a scroll of acquirement
 F - a scroll of identify
Potions
 b - 3 potions of flight {unknown}
 c - 2 potions of degeneration {unknown}
 e - 8 potions of curing
 g - 3 potions of brilliance {unknown}
 n - a potion of lignification {unknown}
 q - 3 potions of attraction {unknown}
 r - a potion of invisibility {unknown}
 v - 3 potions of mutation {unknown}
 w - 3 potions of berserk rage {unknown}
 B - a potion of haste {unknown}
 H - a potion of heal wounds
 I - a potion of ambrosia {unknown}
 J - a potion of might {unknown}
 K - a potion of cancellation {unknown}


   Skills:
 - Level 5.1 Fighting
 - Level 10.3(12.3) Axes
 * Level 11.2(12.7) Maces & Flails
 - Level 1.7 Armour
 - Level 1.7 Dodging
 + Level 4.0 Shields


You had 9 spell levels left.
You didn't know any spells.
Your spell library was empty.

Dungeon Overview and Level Annotations

Branches:
Dungeon (8/15)             Temple (0/1) D:7         Ossuary (visited)
   Lair: D:8-11

Altars:
Ashenzari
Nemelex Xobeh
Sif Muna

Shops:
D:1 [(![:   D:4 [   D:7 !


Innate Abilities, Weirdness & Mutations

You have a pair of horns on your head.
You are partially covered in sharp spines.
You have an unusually large brain. (Int +2)


Message History

The wight hits you but does no damage. The yak gores you!
The wight hits you from afar with a +5 spear.
The wight is struck by your spines. The wight hits you but does no damage.
Unknown command.
You closely miss the yak. Your headbutt misses the yak.
The yak is severely wounded.
The yak barely misses you.
The wight hits you from afar with a +5 spear.
The wight is struck by your spines.
You destroy the wight!
Trog accepts your kill. The yak gores you.
* * * LOW HITPOINT WARNING * * *
Unknown command.
You sock the yak!
You kill the yak!
Trog accepts your kill. The wight hits you but does no damage.
The wight hits you from afar with a +5 spear.
* * * LOW HITPOINT WARNING * * *
Your Shields skill increases to level 4!
You sock the yak!
The yak is poisoned.
Your headbutt misses the yak.
The yak is moderately wounded.
The yak gores you but does no damage.
The wight hits you from afar with a +5 spear.
* * * LOW HITPOINT WARNING * * *
You feel drained.
* * * LOW HITPOINT WARNING * * *
The yak gores you.
* * * LOW HITPOINT WARNING * * *
You sock the yak!
The yak looks as sick as possible!
You headbutt the yak, but do no damage.
The yak is severely wounded.
The wight hits you but does no damage. The yak closely misses you.
You hit the yak.
The yak looks as sick as possible!
You headbutt the yak!
The yak is almost dead.
You kill the yak!
Trog accepts your kill.
The wight hits you from afar with a +5 spear!
You die...

#....... #.......
#...... #....#
#####....#
......)†.###+##
.........##...#
......†..†#...+
..........)@..#
.........z#...#
...##....##...# ?.
#....##...# .
......##...###########
.......##'###.........#
....... #...#.........#
##.. #...'.......<.#
#...#.........#


You could see a wight.

Vanquished Creatures
  Pikel (D:8)
  A hornet (D:8)
  13 yaks
  An orc warrior (D:5)
  2 ice beasts
  2 sky beasts
  3 ogres
  A centaur (D:5)
  A phantom (D:5)
  A kobold brigand (D:6)
  A lemure (D:8)
  2 gnoll sergeants
  2 scorpions
  A bullfrog (D:7)
  2 wyvern skeletons
  A water moccasin skeleton (D:5)
  5 wights
  A centaur zombie (D:8)
  A bullfrog skeleton (D:5)
  3 human zombies (Ossuary)
  An orc priest (D:6)
  2 centaur skeletons
  A hound (D:4)
  2 jellies
  3 iguanas
  11 orc wizards
  2 hound zombies
  4 mummies (Ossuary)
  19 gnolls
  5 adders
  A white imp (D:6)
  An ufetubus (D:3)
  2 adder zombies (Ossuary)
  An adder skeleton (D:4)
  13 orcs
  10 endoplasms
  4 giant cockroaches
  A gnoll zombie (Ossuary)
  6 goblins
  10 hobgoblins
  4 ball pythons
  3 bats
  A frilled lizard (D:2)
  3 goblin zombies (Ossuary)
  A jackal zombie (Ossuary)
  13 kobolds
  A kobold zombie (Ossuary)
  4 rats
174 creatures vanquished.

Vanquished Creatures (others)
  A fungus (D:1)
  A withered plant (D:1)
2 creatures vanquished.

Grand Total: 176 creatures vanquished

Notes
Turn   | Place    | Note
-------+----------+-------------------------------------------
     0 | D:1      | Kinoniko the Demonspawn Berserker began the quest for the
                  | Orb.
     0 | D:1      | Reached XP level 1. HP: 18/18 MP: 1/1
   243 | D:1      | Found Itianaen's Distillery.
   251 | D:1      | Found Hav Dai's Book Shoppe.
   499 | D:1      | Found Burphung's Armour Emporium.
   531 | D:1      | Found a faded altar of an unknown god.
   790 | D:1      | Gained mutation: You are partially covered in sharp spines.
                  | [demonic ancestry]
   790 | D:1      | Reached XP level 2. HP: 24/24 MP: 2/2
  1012 | D:1      | Found Jyotre's Antique Weapon Shoppe.
  1070 | D:1      | Found Funaimij's Armour Shop.
  1411 | D:2      | Reached XP level 3. HP: 28/29 MP: 3/3
  1519 | D:2      | Reached ** piety under Trog
  1985 | D:3      | Gained mutation: You have a pair of small horns on your
                  | head. [demonic ancestry]
  1985 | D:3      | Reached XP level 4. HP: 35/35 MP: 4/4
  2102 | D:3      | Noticed a scorpion
  2111 | D:3      | Killed a scorpion
  2112 | D:3      | Reached skill level 5 in Axes
  2112 | D:3      | Reached XP level 5. HP: 41/41 MP: 5/5
  2587 | D:4      | Noticed an ogre
  2594 | D:4      | Killed an ogre
  2595 | D:4      | Reached XP level 6. HP: 37/47 MP: 6/6
  2851 | D:4      | Found Bisch's Antique Armour Shoppe.
  3758 | D:1      | Bought a +3 scale mail of cold resistance for 286 gold
                  | pieces
  4052 | D:4      | Found a sparkling altar of Nemelex Xobeh.
  4052 | D:4      | Found a faded altar of an unknown god.
  4097 | D:4      | Found a shimmering blue altar of Sif Muna.
  4099 | D:4      | Found a faded altar of an unknown god.
  4101 | D:4      | Found a broken altar of Ashenzari.
  4167 | D:5      | Entered Level 5 of the Dungeon
  4249 | D:5      | Reached XP level 7. HP: 52/52 MP: 7/7
  4397 | D:5      | Found a sand-covered staircase.
  4402 | Ossuary  | Entered an ossuary
  4507 | Ossuary  | Reached *** piety under Trog
  4839 | D:5      | Identified the +1 leather armour of Contentment {rElec
                  | rPois Int+3}
  5004 | D:5      | Noticed a yak
  5005 | D:5      | Noticed a yak
  5006 | D:5      | Noticed a yak
  5013 | D:5      | Killed a yak
  5014 | D:5      | Gained mutation: You have an unusually large brain. (Int
                  | +2) [demonic ancestry]
  5014 | D:5      | Reached XP level 8. HP: 58/58 MP: 8/8
  5146 | D:5      | Reached skill level 10 in Axes
  5351 | D:5      | Identified a scroll of acquirement
  5356 | D:5      | Acquired a manual of Maces & Flails
  5673 | D:6      | Identified the +3 flail of the Scorching Blowfly {venom,
                  | Str+5}
  5715 | D:6      | Reached skill level 1 in Maces & Flails
  5729 | D:6      | Reached skill level 2 in Maces & Flails
  5737 | D:6      | Reached skill level 3 in Maces & Flails
  5956 | D:6      | You fall into a shaft and drop 1 floor!
  6009 | D:7      | Reached skill level 4 in Maces & Flails
  6135 | D:7      | Reached XP level 9. HP: 65/65 MP: 9/9
  6205 | D:6      | Reached skill level 5 in Maces & Flails
  6205 | D:6      | Reached **** piety under Trog
  6649 | D:6      | Reached skill level 6 in Maces & Flails
  7412 | D:7      | Reached skill level 7 in Maces & Flails
  7680 | D:7      | Found a staircase to the Ecumenical Temple.
  7688 | D:7      | Reached skill level 5 in Fighting
  8101 | D:7      | Found Suxixuk's Distillery.
  8104 | D:7      | Bought 2 potions of heal wounds for 130 gold pieces
  8104 | D:7      | Bought a potion of curing for 39 gold pieces
  8237 | D:8      | Reached skill level 8 in Maces & Flails
  8237 | D:8      | Reached skill level 1 in Shields
  8302 | D:8      | Reached skill level 9 in Maces & Flails
  8356 | D:8      | Noticed Pikel
  8369 | D:8      | Killed Pikel
  8370 | D:8      | Reached skill level 10 in Maces & Flails
  8370 | D:8      | Gained mutation: You have a pair of horns on your head.
                  | [demonic ancestry]
  8370 | D:8      | Reached XP level 10. HP: 74/74 MP: 10/10
  8497 | D:8      | Reached skill level 11 in Maces & Flails
  8506 | D:8      | Slain by a wight

Illustrated notes

Levels and vault maps discovered:
D:1:      dpeg_arrival_water_fire, layout_basic, serial_shops,
          nicolae_shop_temple_entry_statues_fountains, nicolae_square_shop,
          nicolae_shop_statue_plus, nicolae_diamond_shop,
          nicolae_shop_behind_doors, shapermc_ecumenical_altar_gd
D:2:      layout_rooms, st_stairs_2, kennysheep_generic_room_7
D:3:      layout_basic, minmay_stone_trees_small
D:4:      layout_gridville, chequers_temple_overflow_minitemple, serial_shops,
          shop_coins
D:5:      layout_cave_pods, enter_ossuary_2
D:6:      layout_basic, minmay_a_box_with_orc_wizards_in_it
D:7:      layout_basic, minmay_temple_entry_antechambers, serial_shops,
          kennysheep_mini, supply_closet_lemuel, minmay_misc_feat_tower
D:8:      layout_gridville, uniq_maggie, uniq_pikel

Skill      XL: |  1  2  3  4  5  6  7  8  9 10 |
---------------+-------------------------------+-----
Axes           | 3 4 5 6 7 9 10 | 10.3
Maces & Flails | 4 10 11 | 11.2
Fighting       | 5 |  5.1
Shields        | 3 4 |  4.0
Armour         | |  1.7
Dodging        | |  1.7

Action                   |  1- 3 |  4- 6 |  7- 9 | 10-12 || total
-------------------------+-------+-------+-------+-------++-------
Melee: Hand axe          |    75 |    87 |       |       ||   162
       Headbutt          |       |    19 |    38 |     9 ||    66
       War axe           |       |    11 |    71 |       ||    82
       Flail             |       |       |   146 |    32 ||   178
Invok: Berserk           |     1 |     3 |    13 |     1 ||    18
  Use: Scroll            |       |     5 |     6 |       ||    11
       Potion            |       |       |       |     2 ||     2
Armor: Animal skin       |    19 |       |       |       ||    19
       Leather armour    |       |    14 |       |       ||    14
       Scale mail        |       |    10 |    97 |    18 ||   125
       Ring mail         |       |    10 |       |       ||    10
Dodge: Dodged            |    41 |    55 |    85 |    26 ||   207

Table legend: (Time is in decaauts)
 A = Elapsed time spent in this place.
 B = Non-inter-level travel time spent in this place.
 C = Inter-level travel time spent in this place.
 D = Time resting spent in this place.
 E = Time spent auto-exploring this place.
 F = Levels seen in this place.
 G = Mean time per level.
                   A        B        C        D        E       F      G
               +--------+--------+--------+--------+--------+-----+--------+
         Total |   8675 |   7784 |    891 |   1595 |   5250 |   9 |  963.9 |
       Dungeon |   8332 |   7441 |    891 |   1539 |   5029 |   8 | 1041.5 |
       Ossuary |    342 |    342 |      0 |     56 |    221 |   1 |  342.0 |
               +--------+--------+--------+--------+--------+-----+--------+

Top non-repeatable levels by time:
     D:1: 1432 daAuts
     D:4: 1330 daAuts
     D:6: 1265 daAuts
     D:5: 1250 daAuts
     D:7: 1208 daAuts
     D:2: 781 daAuts
     D:3: 678 daAuts
     D:8: 385 daAuts
 Ossuary: 342 daAuts
